 Dungeon Crawl Stone Soup version 0.30-a0-462-gd5975efbca (webtiles) character file.

Game seed: 4481411374702121144

12702 HoaS the Markstengu (level 11, -3/64 HPs)
             Began as a Tengu Hunter on Dec 16, 2022.
             Was a High Priest of Okawaru.
             Slain by a komodo dragon (21 damage)
             ... on level 2 of the Lair of Beasts.
             The game lasted 00:20:10 (9939 turns).

HoaS the Markstengu (Tengu Hunter)                  Turns: 9939, Time: 00:20:10

Health: -3/64      AC:  7    Str: 15    XL:     11   Next: 97%
Magic:  0/15       EV: 21    Int: 14    God:    Okawaru [*****.]
Gold:   707        SH:  0    Dex: 26    Spells: 10/10 levels left

rFire   . . .      SeeInvis .    v - +0 arbalest
rCold   . . .      Faith    .    (shield currently unavailable)
rNeg    . . .      Spirit   +    p - +4 robe of Augmentation {Str+4 Int+4 Dex+4}
rPois   +          Reflect  .    (helmet restricted)
rElec   .          Harm     .    i - +0 cloak
rCorr   +          Rampage  .    (no gloves)
Will    .....                    (boots unavailable)
Stlth   ++........               f - amulet of guardian spirit
HPRegen 0.30/turn                n - ring of poison resistance
MPRegen 0.14/turn                c - ring "Lexes" {Fly rCorr Slay+3}

@: flying quickly and evasively, quick
A: beak, talons 3, nimble flight
a: Renounce Religion, Heroism, Finesse, Duel


You were on level 2 of the Lair of Beasts.
You worshipped Okawaru.
Okawaru was extremely pleased with you.
You visited 3 branches of the dungeon, and saw 12 of its levels.
You also visited: Sewer.

You collected 707 gold pieces.

Inventory:

Hand Weapons
 v - a +0 arbalest (weapon)
Armour
 i - a +0 cloak (worn)
 p - the +4 robe of Augmentation (worn) {Str+4 Int+4 Dex+4}
   (You found it on level 5 of the Dungeon)

   Str:       It affects your strength (+4).
   Int:       It affects your intelligence (+4).
   Dex:       It affects your dexterity (+4).
 q - +0 steam dragon scales
Jewellery
 c - the ring "Lexes" (right hand) {Fly rCorr Slay+3}
   (You found it on level 9 of the Dungeon)

   [ring of flight]

   Slay:      It affects your accuracy & damage with ranged weapons and melee
   (+3).
   Fly:       It grants you flight.
   rCorr:     It protects you from acid and corrosion.
 f - an amulet of guardian spirit (around neck)
 n - a ring of poison resistance (left hand)
 w - a ring of resist corrosion
 B - a +4 ring of protection
Wands
 s - a wand of roots (8)
 z - a wand of flame (14)
 A - a wand of polymorph (14)
Scrolls
 a - 2 scrolls of identify
 b - 2 scrolls of immolation
 d - 4 scrolls of teleportation
 e - 3 scrolls of magic mapping
 r - a scroll of fear
 y - a scroll of fog
Potions
 g - 4 potions of attraction
 h - 4 potions of berserk rage
 j - a potion of heal wounds
 k - 2 potions of lignification
 l - 3 potions of might
 m - a potion of cancellation
 o - 2 potions of invisibility
 t - a potion of ambrosia
 u - a potion of mutation
 x - 2 potions of resistance


   Skills:
 * Level 5.7 Fighting
 - Level 18.0 Ranged Weapons
 * Level 6.2 Dodging
 - Level 1.0 Stealth
 + Level 4.5 Invocations


You had 10 spell levels left.
You didn't know any spells.
Your spell library contained the following spells:

 Spells                   Type           Power      Damage    Failure   Level
 Apportation              Tloc           0%         N/A       28%         1
 Ensorcelled Hibernation  Hex/Ice        0%         N/A       41%         2
 Passwall                 Tmut/Erth      0%         N/A       41%         2
 Static Discharge         Conj/Air       0%         2-2/arc   41%         2
 Kindle Blastsparks       Fire/Tloc/Air  0%         2d10      65%         3
 Swiftness                Air            0%         N/A       65%         3
 Vhi's Electric Charge    Tloc/Air       0%         N/A       65%         3
 Fulminant Prism          Conj/Hex       0%         3d5       96%         4
 Iskenderun's Mystic Bla  Conj/Tloc      0%         2d3       96%         4
 Alistair's Intoxication  Tmut/Pois      0%         N/A       100%        5
 Arcjolt                  Conj/Air       0%         1d10      100%        5
 Blade Hands              Tmut           0%         N/A       100%        5
 Lee's Rapid Deconstruct  Erth           0%         3d4*      100%        5
 Lightning Bolt           Conj/Air       0%         1d11      100%        5
 Eringya's Noxious Bog    Tmut/Pois      0%         N/A       100%        6
 Iron Shot                Conj/Erth      0%         9d1       100%        6
 Starburst                Conj/Fire      0%         6d3       100%        6
 Statue Form              Tmut/Erth      0%         N/A       100%        6
 Animate Armour           Summ/Erth      Unusable   N/A       N/A         4

Dungeon Overview and Level Annotations

Branches:
Dungeon (9/15)             Temple (1/1) D:6            Lair (2/5) D:9
    Orc (0/2) D:9           Sewer (visited)
  Swamp: Lair:2-3    Shoals: Lair:2-3     Snake: Lair:2-3    Spider: Lair:2-3

Altars:
Ashenzari
Cheibriados
Dithmenos
Elyvilon
Fedhas
Gozag
Hepliaklqana
Kikubaaqudgha
Makhleb
Nemelex Xobeh
Okawaru
Qazlal
Ru
Sif Muna
Trog
Uskayaw
Vehumet
Wu Jian
Xom
Yredelemnul
Zin
The Shining One

Shops:
D:1 (   D:7 ([

Annotations:
D:6 3 runed translucent doors, Flippered's ghost, novice KoBr; funkygono's ghost, novice DsFE; initializr's ghost, novice TeFE


Innate Abilities, Weirdness & Mutations

You have a beak for a mouth.
You have claws for feet.
Your magical nature lets you fly swiftly and evasively.


Message History

The yak barely misses you.
You shoot a bolt. The bolt hits the yak!
The yak is moderately wounded.
The yak closely misses you.
A komodo dragon comes into view.
You shoot a bolt. The bolt hits the yak!!
The yak is severely wounded.
The yak barely misses you.
You shoot a bolt. The bolt barely misses the yak.
The yak completely misses you.
You shoot a bolt. The bolt hits the yak!
You kill the yak!
Okawaru accepts your kill.
You shoot a bolt. The bolt hits the yak!
The yak is almost dead.
The yak misses you.
You shoot a bolt. The bolt completely misses the yak.
The yak gores you!
You shoot a bolt. The bolt hits the yak.
The yak is almost dead.
The yak barely misses you.
You shoot a bolt. The bolt hits the yak!!!
You kill the yak!
Okawaru accepts your kill.
You shoot a bolt. The bolt hits the komodo dragon!
The komodo dragon is lightly wounded.
The komodo dragon bites you!!
You are too injured to fight recklessly!
You are too injured to fight recklessly!
You are too injured to fight recklessly!
You are too injured to fight recklessly!
You shoot a bolt.
The bolt closely misses the komodo dragon.
The komodo dragon bites you.
You shoot a bolt. The bolt hits the komodo dragon!!
The komodo dragon is severely wounded.
The komodo dragon bites you!
You shoot a bolt. The bolt hits the komodo dragon!
The komodo dragon is almost dead.
The komodo dragon bites you!!
You die...

...†..)...†...### ...##....
#.##P............##........
## ##.............#..†.....
####...####..PP #...#
.#.##...###..## #...#
........##...P# ##..##
.......###....# #....#
##.##..##.#..####l...#
####..#.......#@#..##.
##...................
#..................<..
#......#...#######....
##..####...# P... ##..#
#...P# #... #...###...## ..
#....###..# #####.#..##


You could see a komodo dragon.

Vanquished Creatures
  A catoblepas (D:9)
  A two-headed ogre (D:8)
  A hydra (Lair:2)
  Pikel (D:7)
  A manticore (D:9)
  3 elephants (Lair:2)
  A black mamba (Lair:2)
  3 cane toads (Lair:1)
  A rime drake (Lair:1)
  Grinder (D:6)
  16 yaks
  A wyvern (D:9)
  A vampire (D:9)
  A basilisk (Lair:1)
  3 steam dragons
  5 water moccasins
  An ice beast (D:8)
  2 orc warriors
  A black bear (Lair:1)
  A sky beast (D:6)
  An ogre (D:4)
  6 wolves (Lair:2)
  3 centaurs
  3 lemures (D:7)
  2 phantoms
  8 bullfrogs
  3 scorpions (D:4)
  3 gnoll sergeants
  A necrophage (D:8)
  A wight (D:9)
  5 killer bees (D:9)
  A howler monkey (D:9)
  4 jellies
  5 orc priests
  3 gnoll boudas
  2 hounds
  3 iguanas
  Jessica (D:2)
  Terence (D:2)
  7 orc wizards
  21 gnolls
  8 adders
  2 river rats (D:3)
  3 white imps
  3 worms
  A dart slug (D:3)
  37 orcs
  5 endoplasms
  7 giant cockroaches
  5 hobgoblins
  7 kobolds
  8 quokkas
  6 ball pythons
  2 bats (D:2)
  6 frilled lizards
  4 goblins
  7 rats
241 creatures vanquished.

Vanquished Creatures (others)
  A sky beast (D:6)
  4 withered plants (D:6)
5 creatures vanquished.

Grand Total: 246 creatures vanquished

Notes
Turn   | Place    | Note
-------+----------+-------------------------------------------
     0 | D:1      | HoaS the Tengu Hunter began the quest for the Orb.
     0 | D:1      | Reached XP level 1. HP: 12/12 MP: 2/2
   259 | D:1      | Reached XP level 2. HP: 17/17 MP: 3/3
   373 | D:1      | Reached skill level 5 in Ranged Weapons
   457 | D:1      | Found Ruugynoa's Weapon Shoppe.
   993 | D:2      | You fall into a shaft and drop 2 floors!
  1021 | D:4      | Reached XP level 3. HP: 21/21 MP: 4/4
  1054 | D:4      | Found an opulent altar of Gozag.
  1115 | D:4      | Noticed a scorpion
  1126 | D:4      | Killed a scorpion
  1126 | D:4      | HP: 1/21 [poisoned by a scorpion]
  1127 | D:4      | Reached skill level 6 in Ranged Weapons
  1127 | D:4      | Reached XP level 4. HP: 1/26 MP: 1/5
  1254 | D:3      | Found a glowing drain.
  1261 | Sewer    | Entered a sewer
  1420 | Sewer    | Gained mutation: Your magical nature lets you fly swiftly
                  | and evasively. [Tengu growth]
  1420 | Sewer    | Reached XP level 5. HP: 30/30 MP: 6/6
  1465 | Sewer    | Reached skill level 7 in Ranged Weapons
  1501 | Sewer    | Reached skill level 8 in Ranged Weapons
  1501 | Sewer    | Reached XP level 6. HP: 23/35 MP: 4/7
  1560 | Sewer    | Got The Second Course in Magic
  2132 | D:2      | Noticed Terence
  2138 | D:2      | Killed Terence
  2217 | D:2      | Noticed Jessica
  2222 | D:2      | Killed Jessica
  3061 | D:4      | Reached skill level 9 in Ranged Weapons
  3061 | D:4      | Reached XP level 7. HP: 40/40 MP: 8/8
  3209 | D:4      | Reached skill level 10 in Ranged Weapons
  3528 | D:4      | Reached XP level 8. HP: 44/44 MP: 9/9
  3680 | D:4      | Found a glowing silver altar of Zin.
  3685 | D:4      | Found an ornate altar of the Wu Jian Council.
  3745 | D:5      | Entered Level 5 of the Dungeon
  3907 | D:5      | Found the +4 robe of Augmentation {Str+4 Int+4 Dex+4}
  4252 | D:5      | Reached skill level 11 in Ranged Weapons
  4505 | D:5      | Found an ancient bone altar of Kikubaaqudgha.
  4505 | D:5      | Found a shimmering altar of Xom.
  4774 | D:6      | Noticed Grinder
  4791 | D:6      | Reached skill level 12 in Ranged Weapons
  4824 | D:6      | Killed Grinder
  4939 | D:6      | Reached XP level 9. HP: 48/48 MP: 10/10
  4961 | D:6      | Found a runed translucent gate.
  4962 | D:6      | Found a runed translucent gate.
  4964 | D:6      | Found a runed translucent gate.
  4984 | D:6      | Noticed funkygono's ghost (novice DsFE)
  4985 | D:6      | Noticed initializr's ghost (novice TeFE)
  4985 | D:6      | Noticed Flippered's ghost (novice KoBr)
  5012 | D:6      | Found a staircase to the Ecumenical Temple.
  5021 | D:6      | Reached skill level 13 in Ranged Weapons
  5130 | Temple   | Entered the Ecumenical Temple
  5330 | D:6      | Found an iron altar of Okawaru.
  5339 | D:6      | Became a worshipper of Warmaster Okawaru
  5577 | D:6      | Found a basalt altar of Yredelemnul.
  5729 | D:7      | Reached skill level 1 in Invocations
  5844 | D:7      | Noticed Pikel
  5847 | D:7      | Found a stormy altar of Qazlal.
  5964 | D:7      | Killed Pikel
  5964 | D:7      | Reached * piety under Okawaru
  5965 | D:7      | Reached skill level 14 in Ranged Weapons
  6104 | D:7      | Identified the +1 robe of Gravity {rC+ rCorr Int+2}
  6247 | D:7      | Found a burning altar of Makhleb.
  6532 | D:7      | Found Daicvuinn's Weapon Shop.
  6547 | D:7      | Reached ** piety under Okawaru
  6660 | D:7      | Found Muffosy's Armour Shoppe.
  6832 | D:8      | Noticed a two-headed ogre
  6847 | D:8      | Killed a two-headed ogre
  6848 | D:8      | Reached skill level 15 in Ranged Weapons
  6848 | D:8      | Reached XP level 10. HP: 14/53 MP: 2/13
  7048 | D:8      | Found a bloodstained altar of Trog.
  7172 | D:8      | Found a shadowy altar of Dithmenos.
  7445 | D:9      | Reached *** piety under Okawaru
  7504 | D:9      | Noticed a catoblepas
  7518 | D:9      | Killed a catoblepas
  7519 | D:9      | Reached skill level 16 in Ranged Weapons
  7632 | D:9      | Reached **** piety under Okawaru
  7783 | D:9      | Found a staircase to the Orcish Mines.
  7815 | D:9      | Identified the ring "Lexes" {Fly rCorr Slay+3}
  7822 | D:9      | Found a staircase to the Lair.
  7840 | D:9      | Noticed a manticore
  7860 | D:9      | Killed a manticore
  7863 | D:9      | Reached skill level 5 in Dodging
  7900 | D:9      | Reached XP level 11. HP: 62/62 MP: 7/15
  7919 | D:9      | Found a sacrificial altar of Ru.
  8148 | D:9      | Reached skill level 5 in Fighting
  8446 | Lair:1   | Entered Level 1 of the Lair of Beasts
  8761 | Lair:1   | Reached ***** piety under Okawaru
  8909 | Lair:1   | Received a gift from Okawaru
  8923 | Lair:1   | Reached skill level 17 in Ranged Weapons
  9845 | Lair:2   | Noticed a five-headed hydra
  9849 | Lair:2   | Killed a five-headed hydra
  9850 | Lair:2   | Reached skill level 18 in Ranged Weapons
  9939 | Lair:2   | Slain by a komodo dragon

Illustrated notes

Levels and vault maps discovered:
D:1:      doesnt_arrival_eight_statues, layout_basic, serial_shops, shop
D:2:      layout_loops_ring, minmay_misc_feat_rows, uniq_jessica, uniq_terence
D:3:      layout_basic, lightli_sewer_entry_pipes
D:4:      layout_loops_cross, overflow_temple_1_default, minitemple
D:5:      layout_gridville, mainiacjoe_overflow_divided_tiny
D:6:      layout_loops_ring, marbit_many_paths, overflow_temple_1_default,
          minmay_temple_entry_slanted, gammafunk_ghost_cemetery, uniq_grinder
D:7:      layout_loops_ring, makhleb_heckhound_becter, grunt_qazlal_sundering,
          serial_shops, nicolae_shop_crystal, nicolae_shop_bloodbath_and_beyond,
          uniq_pikel
D:8:      layout_rooms, trog_three_pillars_becter, grunt_dithmenos_smoke
D:9:      layout_irregular_city, mainiacjoe_overflow_boulevard,
          lair_entry_dummy, orc_0_dummy, minmay_fractal_squares_5
Temple:   hellmonk_temple_flake
Lair:1:   layout_layer_cave, chequers_serial_rivers_small_3
Lair:2:   layout_small_grid, minmay_shoals_entry_lonely_mermaid,
          grunt_megastairs_5

Skill      XL: |  1  2  3  4  5  6  7  8  9 10 11 |
---------------+----------------------------------+-----
Ranged Weapons | 5 6 8 9 10 12 15 16 18 | 18.0
Invocations    | 3 4 |  4.5
Dodging        | 5 6 |  6.2
Fighting       | 4 5 |  5.7
Stealth        | |  1.0

Action                   |  1- 3 |  4- 6 |  7- 9 | 10-12 || total
-------------------------+-------+-------+-------+-------++-------
 Fire: Shortbow          |    62 |   167 |   306 |   185 ||   720
       Arbalest          |       |       |       |   114 ||   114
Invok: Heroism           |       |       |       |     4 ||     4
       Finesse           |       |       |       |     2 ||     2
  Use: Scroll            |       |     8 |    10 |     5 ||    23
       Potion            |       |     1 |     1 |     1 ||     3
Armor: Leather armour    |     3 |     9 |     1 |       ||    13
       Robe              |       |       |     6 |    15 ||    21
Dodge: Dodged            |    11 |    43 |    59 |   132 ||   245

Table legend: (Time is in decaauts)
 A = Elapsed time spent in this place.
 B = Non-inter-level travel time spent in this place.
 C = Inter-level travel time spent in this place.
 D = Time resting spent in this place.
 E = Time spent auto-exploring this place.
 F = Levels seen in this place.
 G = Mean time per level.
                   A        B        C        D        E       F      G
               +--------+--------+--------+--------+--------+-----+--------+
         Total |   9266 |   8804 |    462 |   1262 |   6081 |  13 |  712.8 |
       Dungeon |   7416 |   6996 |    420 |   1036 |   4827 |   9 |  824.0 |
        Temple |    137 |    137 |      0 |      0 |    118 |   1 |  137.0 |
          Lair |   1273 |   1232 |     41 |     67 |    990 |   2 |  636.5 |
         Sewer |    439 |    439 |      0 |    159 |    144 |   1 |  439.0 |
               +--------+--------+--------+--------+--------+-----+--------+

Top non-repeatable levels by time:
     D:7: 1081 daAuts
  Lair:1: 1018 daAuts
     D:9: 1007 daAuts
     D:1: 952 daAuts
     D:4: 860 daAuts
     D:5: 846 daAuts
     D:6: 831 daAuts
     D:3: 686 daAuts
     D:2: 681 daAuts
     D:8: 467 daAuts
   Sewer: 439 daAuts
  Lair:2: 254 daAuts
  Temple: 137 daAuts
